[Event "42nd Olympiad Baku 2016 Open"]
[Site "Baku"]
[Date "2016.09.06"]
[Round "5.11"]
[White "Abreu Jean, Carlos Paul"]
[Black "Sie Thu"]
[Result "1-0"]
[ECO "A05"]
[WhiteElo "2326"]
[BlackElo "2148"]
[Annotator ""]
[PlyCount "99"]
[EventDate "2016.??.??"]
[EventType "team-tourn"]
[EventCountry "AZE"]
[SourceTitle "playchess.com"]
[Source "ChessBase"]
[WhiteTeam "Dominican Republic"]
[BlackTeam "Myanmar"]
[WhiteTeamCountry "DOM"]
[BlackTeamCountry "MYA"]
[TimeControl "40/5400+30:1800+30"]

1. Nf3 {(00:00)} Nf6 {(00:00)} 2. g3 {(00:06)} c5 {
(01:43)} 3. c4 {(00:34)} g6 {(00:19)} 4. b3 {(00:
23)} Bg7 {(00:14)} 5. Bb2 {(00:05)} O-O {(00:18)} 6. Bg2 {
(00:24)} Nc6 {(00:34)} 7. O-O {(00:17)} Rb8 {(01:
54)} 8. d4 {(15:25)} cxd4 {(00:55)} 9. Nxd4 {(00:08)} Nxd4
{(11:59)} 10. Bxd4 {(05:33)} b6 {(00:20)} 11. Nc3 {
(00:41)} Bb7 {(00:28)} 12. e4 {(01:04)} d6 {(02:12]
} 13. e5 {(12:36)} dxe5 {(03:19)} 14. Bxe5 {(00:11)} Bxg2
{(00:08)} 15. Kxg2 {(00:34)} Rb7 {(12:45)} 16. Qf3 {
(01:02)} Qc8 {(03:40)} 17. Rad1 {(03:12)} Rd7 {(05:
27)} 18. Rxd7 {(04:47)} Nxd7 {(00:38)} 19. Bxg7 {(05:00)}
Kxg7 {(00:33)} 20. Re1 {(00:12)} e6 {(16:52)} 21. h4 {
(03:01)} Nf6 {(03:58)} 22. Ne4 {(01:33)} Nxe4 {(00:
18)} 23. Qxe4 {(00:06)} h5 {(02:26)} 24. Rd1 {(01:17)} Rd8
{(02:09)} 25. Rxd8 {(00:21)} Qxd8 {(00:01)} 26. b4 {
(01:31)} Qd6 {(04:24)} 27. a3 {(01:17)} a5 {(03:01]
} 28. bxa5 {(01:17)} bxa5 {(00:04)} 29. a4 {(01:14)} Qc5 {
(04:50)} 30. Kg1 {(00:39)} Kf6 {(04:03)} 31. Qf3+ {
(00:41)} Kg7 {(01:23)} 32. Qb3 {(02:53)} Qd4 {(10:
04)} 33. Qc2 {(00:10)} Kf6 {(02:11)} 34. c5 {(00:29)} Ke7
{(01:26)} 35. c6 {(00:35)} Kd8 {(01:19)} 36. Qb3 {(
01:10)} Qa7 {(00:23)} 37. Qf3 {(09:53)} Qc7 {(00:49)} 38.
Qd3+ {(00:38)} Ke7 {(00:13)} 39. Qd4 {(01:07)} Qxc6 {
(01:07)} 40. Qa7+ {(00:00)} Kf6 {(00:00)} 41. Qxa5 {
(02:16)} e5 {(04:39)} 42. Qa7 {(02:24)} Ke6 {(03:
27)} 43. a5 {(03:32)} f5 {(09:02)} 44. Qg7 {(13:19)} Kd5 {
(00:57)} 45. Qf7+ {(02:14)} Ke4 {(03:17)} 46. Qb3 {
(02:32)} Qc1+ {(09:29)} 47. Kg2 {(00:58)} Qa1 {(01:
22)} 48. Qc4+ {(01:02)} Qd4 {(00:22)} 49. Qxd4+ {(00:35)}
exd4 {(00:26)} 50. a6 {(00:06)} 1-0

[Event "42nd Olympiad Baku 2016 Open"]
[Site "Baku"]
[Date "2016.09.06"]
[Round "5.29"]
[White "Aderito, Pedro"]
[Black "Guillen Ramirez, Jose Antonio"]
[Result "0-1"]
[ECO "E62"]
[WhiteElo "2315"]
[BlackElo "2269"]
[Annotator ""]
[PlyCount "78"]
[EventDate "2016.??.??"]
[EventType "team-tourn"]
[EventCountry "AZE"]
[SourceTitle "playchess.com"]
[Source "ChessBase"]
[WhiteTeam "Angola"]
[BlackTeam "Honduras"]
[WhiteTeamCountry "ANG"]
[BlackTeamCountry "HON"]
[TimeControl "40/5400+30:1800+30"]

1. Nf3 {(00:00)} Nf6 {(00:00)} 2. g3 {(00:00)} g6 {
(00:00)} 3. Bg2 {(00:06)} Bg7 {(00:00)} 4. O-O {(
00:23)} O-O {(00:00)} 5. d4 {(00:27)} d6 {(00:22)} 6. c4 {
(00:08)} Nc6 {(00:09)} 7. Nc3 {(00:15)} Bg4 {(00:
16)} 8. d5 {(01:25)} Na5 {(00:27)} 9. Qa4 {(05:42)} c5 {
(00:47)} 10. dxc6 {(00:21)} Nxc6 {(00:23)} 11. Rd1 {
(00:45)} Qa5 {(02:26)} 12. Qb5 {(04:10)} Rfc8 {(04:
42)} 13. Qb3 {(13:51)} Qh5 {(05:01)} 14. Nd5 {(04:26)}
Nxd5 {(06:12)} 15. cxd5 {(15:29)} Na5 {(01:25)} 16. Qe3 {
(07:01)} Rc7 {(07:02)} 17. Kf1 {(08:43)} Nc4 {(04:
21)} 18. Qb3 {(02:17)} Bxf3 {(06:13)} 19. exf3 {(08:54)}
Qxh2 {(01:02)} 20. f4 {(02:19)} Rac8 {(02:48)} 21. Rb1 {
(00:51)} Qh5 {(02:59)} 22. Qd3 {(00:46)} a6 {(07:
40)} 23. Re1 {(07:05)} b5 {(05:11)} 24. Bf3 {(08:50)} Qh3+
{(17:35)} 25. Bg2 {(00:34)} Qd7 {(01:26)} 26. Kg1 {
(02:14)} b4 {(03:06)} 27. Kh2 {(01:31)} Qb5 {(02:
06)} 28. Qe4 {(03:15)} b3 {(03:11)} 29. axb3 {(00:27)}
Qxb3 {(00:15)} 30. Bh3 {(00:40)} Rb8 {(01:05)} 31. Be3 {
(00:55)} a5 {(07:57)} 32. f5 {(01:04)} Ne5 {(01:37]
} 33. fxg6 {(00:20)} hxg6 {(00:16)} 34. Rbc1 {(01:02)}
Rxc1 {(02:58)} 35. Rxc1 {(00:14)} Qxb2 {(00:32)} 36. Rc7 {
(00:19)} Bf6 {(01:25)} 37. Ra7 {(00:38)} Qb4 {(00:
48)} 38. Qh1 {(00:55)} Kg7 {(01:27)} 39. Qd1 {(00:23)} Rh8
{(00:51)} 0-1

[Event "42nd Olympiad Baku 2016 Open"]
[Site "Baku"]
[Date "2016.09.06"]
[Round "5.23"]
[White "Adesina, Adeyinka"]
[Black "Fernandez Lopez, Joan"]
[Result "1-0"]
[ECO "D17"]
[WhiteElo "2259"]
[BlackElo "2142"]
[Annotator ""]
[PlyCount "61"]
[EventDate "2016.??.??"]
[EventType "team-tourn"]
[EventCountry "AZE"]
[SourceTitle "playchess.com"]
[Source "ChessBase"]
[WhiteTeam "Nigeria"]
[BlackTeam "Andorra"]
[WhiteTeamCountry "NGR"]
[BlackTeamCountry "AND"]
[TimeControl "40/5400+30:1800+30"]

1. d4 {(00:00)} d5 {(00:00)} 2. c4 {(00:00)} c6 {(
00:05)} 3. Nf3 {(00:38)} Nf6 {(00:43)} 4. Nc3 {(00:10)}
dxc4 {(00:50)} 5. a4 {(00:38)} Bf5 {(01:02)} 6. Ne5 {
(03:07)} Nbd7 {(01:48)} 7. Nxc4 {(01:06)} Nb6 {(00:
50)} 8. Ne5 {(00:57)} a5 {(01:44)} 9. f3 {(06:48)} e6 {
(12:41)} 10. e4 {(01:12)} Bg6 {(00:24)} 11. Be3 {(
00:30)} Nfd7 {(05:11)} 12. h4 {(01:58)} f6 {(30:13)} 13.
Nxg6 {(00:37)} hxg6 {(00:04)} 14. Qb3 {(02:10)} Qe7 {
(00:47)} 15. Na2 {(06:39)} Qd6 {(08:45)} 16. Kf2 {(
02:43)} f5 {(02:34)} 17. g3 {(04:52)} fxe4 {(07:20)} 18.
fxe4 {(00:14)} Be7 {(02:41)} 19. Bh3 {(02:07)} Rf8+ {
(01:14)} 20. Kg2 {(00:24)} e5 {(00:55)} 21. Rad1 {(
03:00)} Bd8 {(07:06)} 22. Nc3 {(04:31)} exd4 {(11:58)} 23.
Bxd4 {(01:22)} Bc7 {(00:05)} 24. e5 {(01:32)} Qe7 {
(01:13)} 25. Bxd7+ Nxd7 {(00:23)} 26. Qxb7 {(10:24)} Rb8 {
(00:09)} 27. Qxc7 {(02:25)} Rxb2+ {(00:04)} 28. Kg1 {
(00:26)} Rf3 {(01:30)} 29. Ne4 {(02:13)} Qa3 {(01:
34)} 30. Qxd7+ {(03:24)} Kxd7 {(00:20)} 31. Bxb2+ {(00:07]
} 1-0

[Event "42nd Olympiad Baku 2016 Open"]
[Site "Baku"]
[Date "2016.09.06"]
[Round "5.14"]
[White "Adhiban, B."]
[Black "Radjabov, Teimour"]
[Result "1/2-1/2"]
[ECO "D37"]
[WhiteElo "2671"]
[BlackElo "2722"]
[Annotator ""]
[PlyCount "73"]
[EventDate "2016.??.??"]
[EventType "team-tourn"]
[EventCountry "AZE"]
[SourceTitle "playchess.com"]
[Source "ChessBase"]
[WhiteTeam "India"]
[BlackTeam "Azerbaijan"]
[WhiteTeamCountry "IND"]
[BlackTeamCountry "AZE"]
[TimeControl "40/5400+30:1800+30"]

1. d4 {(00:00)} d5 {(00:00)} 2. c4 {(00:00)} e6 {(
00:00)} 3. Nf3 {(00:00)} Nf6 {(00:04)} 4. Nc3 {(00:04)}
Be7 {(00:09)} 5. Bf4 {(00:06)} O-O {(00:48)} 6. Rc1 {
(00:09)} c5 {(04:55)} 7. dxc5 {(00:08)} dxc4 {(05:
29)} 8. e3 {(00:06)} Qxd1+ {(04:37)} 9. Rxd1 {(00:02)}
Bxc5 {(01:08)} 10. Bxc4 {(00:02)} Bb4 {(08:32)} 11. O-O {
(02:02)} Bxc3 {(02:55)} 12. bxc3 {(00:02)} b6 {(03:
36)} 13. Bd6 {(09:44)} Re8 {(00:22)} 14. Bb5 {(05:32)} Bd7
{(01:36)} 15. Be2 {(00:21)} Nc6 {(11:36)} 16. Rc1 {
(33:19)} Ne4 {(12:45)} 17. Ba3 {(00:41)} Rec8 {(05:
02)} 18. Rfd1 {(09:04)} Be8 {(00:22)} 19. Bd3 {(03:00)}
Nc5 {(03:21)} 20. Bxc5 {(00:41)} bxc5 {(00:03)} 21. Rb1 {
(06:20)} h6 22. Ba6 {(02:50)} Rd8 {(07:56)} 23. Nd2 {
(00:59)} Ne5 {(06:14)} 24. Ne4 {(00:47)} c4 {(02:
27)} 25. Nd6 {(08:39)} Rab8 {(10:38)} 26. Rxb8 {(08:53)}
Rxb8 {(00:04)} 27. Nxe8 {(00:15)} Rxe8 {(00:04)} 28. h3 {
(02:59)} Rb8 {(01:20)} 29. Rd4 {(05:00)} Rb1+ {(01:
24)} 30. Kh2 {(00:02)} Rb2 {(00:06)} 31. Kg3 {(00:32)}
Rxa2 {(02:08)} 32. Bxc4 {(00:05)} Rc2 {(02:54)} 33. Bd3 {
(01:43)} Nxd3 {(00:14)} 34. Rxd3 {(00:01)} a5 {(00:
18)} 35. Rd8+ {(00:05)} Kh7 {(00:01)} 36. Ra8 {(00:06)}
Rxc3 {(00:16)} 37. Rxa5 1/2-1/2

[Event "42nd Olympiad Baku 2016 Open"]
[Site "Baku"]
[Date "2016.09.06"]
[Round "5.30"]
[White "Adly, Ahmed"]
[Black "Kramnik, Vladimir"]
[Result "1/2-1/2"]
[ECO "D37"]
[WhiteElo "2603"]
[BlackElo "2808"]
[Annotator ""]
[PlyCount "170"]
[EventDate "2016.??.??"]
[EventType "team-tourn"]
[EventCountry "AZE"]
[SourceTitle "playchess.com"]
[Source "ChessBase"]
[WhiteTeam "Egypt"]
[BlackTeam "Russia"]
[WhiteTeamCountry "EGY"]
[BlackTeamCountry "RUS"]
[TimeControl "40/5400+30:1800+30"]

1. d4 {(00:00)} Nf6 {(00:00)} 2. Nf3 {(00:00)} d5 {
(00:00)} 3. c4 {(00:00)} e6 {(00:00)} 4. Nc3 {(00:
00)} Nbd7 {(00:10)} 5. Bg5 {(00:05)} h6 {(00:34)} 6. Bh4 {
(00:04)} Be7 {(00:04)} 7. e3 {(00:03)} O-O {(00:06]
} 8. Bd3 {(00:13)} c5 {(06:46)} 9. O-O {(01:23)} b6 {
(02:11)} 10. Qe2 {(16:08)} Bb7 {(00:55)} 11. Rad1 {
(00:02)} Ne4 {(01:44)} 12. Bg3 {(01:58)} Nxg3 {(18:
47)} 13. hxg3 {(01:06)} cxd4 {(00:56)} 14. Nxd4 {(00:07)}
Nf6 {(02:24)} 15. cxd5 {(17:56)} Nxd5 {(00:07)} 16. Ndb5 {
(00:03)} Nxc3 {(01:21)} 17. Nxc3 {(02:47)} Qc7 {(
01:08)} 18. Be4 {(01:29)} a6 {(01:15)} 19. Rd2 {(18:32)}
Rad8 {(02:42)} 20. Rfd1 {(02:52)} Bc8 {(01:34)} 21. Rxd8 {
(01:04)} Rxd8 {(05:29)} 22. Rxd8+ {(00:18)} Bxd8 {(
00:17)} 23. Qc2 {(01:57)} Kf8 {(05:10)} 24. Kf1 {(03:07)}
h5 {(02:19)} 25. Bd3 {(02:33)} g6 {(03:47)} 26. Ne4 {
(01:24)} Qxc2 {(00:25)} 27. Bxc2 {(00:02)} Ke7 {(
00:31)} 28. Nd2 {(04:31)} Bc7 {(04:18)} 29. Ke2 {(00:27)}
b5 {(02:00)} 30. a4 {(00:34)} bxa4 {(01:11)} 31. Bxa4 {
(00:13)} Bb7 {(00:27)} 32. Nf3 {(00:46)} a5 {(07:
06)} 33. Bb5 {(03:13)} f5 {(01:44)} 34. Kd2 {(02:06)} Bd6
{(05:42)} 35. Kd1 {(05:14)} Bd5 {(02:56)} 36. Nh4 {
(03:42)} g5 {(00:49)} 37. Nf3 {(00:01)} g4 {(02:46]
} 38. Ne1 {(00:54)} Bb4 {(03:14)} 39. Ke2 {(04:51)} Kf6 {
(11:35)} 40. f4 {(00:00)} Ke7 {(00:00)} 41. Nd3 {(
23:50)} Bxg2 {(04:25)} 42. Nxb4 {(00:10)} axb4 {(00:06)}
43. Kd2 {(00:07)} Bb7 {(01:24)} 44. Ba4 {(00:13)} Kd6 {
(02:59)} 45. Bb3 {(04:29)} Bd5 {(04:26)} 46. Ba4 {(
00:18)} Bc4 {(07:34)} 47. Bc2 {(03:41)} Kd5 {(03:58)} 48.
Bb1 {(00:01)} Bb5 {(03:05)} 49. Bc2 {(00:19)} Bd7 {
(01:36)} 50. Kd3 {(03:13)} Bb5+ {(01:10)} 51. Kd2 {
(00:01)} Ba6 {(00:43)} 52. Bb1 {(00:43)} b3 {(01:
05)} 53. Ke1 {(00:32)} Bc8 {(01:38)} 54. Bd3 {(05:12)} Bb7
{(04:41)} 55. Bf1 {(00:34)} Kc5 {(01:01)} 56. Bd3 {
(00:22)} Bc6 {(00:28)} 57. Bf1 {(00:26)} Bb5 {(00:
56)} 58. Bg2 {(00:01)} Kd6 {(01:00)} 59. Bb7 {(00:35)} Bd3
{(00:37)} 60. Kd2 {(00:31)} Bc4 {(00:32)} 61. Ke1 {
(00:07)} e5 {(00:29)} 62. Kd2 {(01:20)} Kc7 {(01:
07)} 63. Bg2 {(00:49)} e4 {(00:50)} 64. Ke1 {(00:01)} Kd6
{(00:05)} 65. Bf1 {(00:01)} Bd3 {(00:26)} 66. Be2 {
(00:12)} Ke6 {(00:44)} 67. Bd1 {(00:17)} Bc4 {(00:
28)} 68. Be2 {(00:06)} Bd3 {(01:01)} 69. Bd1 {(00:04)} Bc4
{(00:48)} 70. Be2 {(00:02)} Kd5 {(00:30)} 71. Bxc4+ {
(00:15)} Kxc4 {(00:01)} 72. Ke2 {(00:14)} Kd5 {(00:
08)} 73. Kf1 {(00:07)} Kc5 {(00:08)} 74. Ke1 {(00:10)} Kd5
{(00:31)} 75. Kf1 {(00:08)} Kd6 {(00:46)} 76. Kf2 {
(00:05)} Ke6 {(00:05)} 77. Kf1 {(00:06)} h4 {(00:
32)} 78. gxh4 {(00:08)} Kd5 {(00:09)} 79. Kf2 {(00:31)}
Ke6 {(00:08)} 80. Kg2 {(00:13)} Kf7 {(00:07)} 81. Kf2 {
(00:14)} Kg6 {(00:06)} 82. Kg2 {(00:02)} Kh6 {(00:
05)} 83. Kh2 {(00:04)} Kh5 {(00:04)} 84. Kg3 {(00:03)} Kg6
{(00:03)} 85. Kg2 {(00:05)} Kh6 {(00:05)} 1/2-1/2

[Event "42nd Olympiad Baku 2016 Open"]
[Site "Baku"]
[Date "2016.09.06"]
[Round "5.22"]
[White "Ahmad, Al Khatib"]
[Black "El Jawich, Amro"]
[Result "1-0"]
[ECO "B25"]
[WhiteElo "2253"]
[BlackElo "2260"]
[Annotator ""]
[PlyCount "79"]
[EventDate "2016.??.??"]
[EventType "team-tourn"]
[EventCountry "AZE"]
[SourceTitle "playchess.com"]
[Source "ChessBase"]
[WhiteTeam "Jordan"]
[BlackTeam "Lebanon"]
[WhiteTeamCountry "JOR"]
[BlackTeamCountry "LBN"]
[TimeControl "40/5400+30:1800+30"]

1. e4 {(00:00)} c5 {(00:00)} 2. Nc3 {(00:00)} Nc6 {
(00:42)} 3. g3 {(00:05)} g6 {(00:36)} 4. Bg2 {(00:
11)} Bg7 {(00:18)} 5. d3 {(00:41)} d6 {(00:37)} 6. f4 {
(00:29)} e6 {(01:09)} 7. Nf3 {(01:57)} Nge7 {(00:
30)} 8. O-O {(00:33)} O-O {(00:40)} 9. Be3 {(00:22)} Nd4 {
(00:36)} 10. Bf2 {(01:53)} Nec6 {(10:24)} 11. Nxd4 {
(04:03)} Nxd4 {(05:02)} 12. e5 {(00:24)} dxe5 {(03:
21)} 13. fxe5 {(00:30)} Bxe5 {(03:53)} 14. Ne4 {(00:30)}
f5 {(15:40)} 15. Nxc5 {(02:31)} Qd6 {(07:09)} 16. b4 {
(01:16)} Nc6 {(09:50)} 17. Rb1 {(01:51)} Rb8 {(10:
18)} 18. Re1 {(38:38)} Bg7 {(03:55)} 19. Kh1 {(10:23)} b6
{(03:20)} 20. b5 {(01:39)} Ne5 {(00:35)} 21. Na6 {(
03:40)} Rb7 {(05:06)} 22. Nb4 {(13:04)} Ng4 {(01:21)} 23.
Bg1 {(02:13)} Bc3 {(02:14)} 24. Nc6 {(00:23)} Bxe1 {
(00:24)} 25. Qxe1 {(00:02)} Rbf7 {(00:52)} 26. h3 {
(01:41)} Nf6 {(01:00)} 27. Bd4 {(02:16)} Nd7 {(01:
32)} 28. Bc3 {(05:08)} Re8 {(03:12)} 29. Bb4 {(01:26)} Qc7
{(00:42)} 30. Rb3 {(02:34)} f4 {(04:31)} 31. Rc3 {(
00:39)} Nc5 {(00:48)} 32. d4 {(01:12)} a5 {(02:17)} 33.
Ba3 {(01:35)} Ref8 {(02:27)} 34. dxc5 {(01:52)} f3 {
(00:37)} 35. Bf1 {(00:47)} f2 {(01:14)} 36. Qe5 {(
00:42)} Qd7 {(00:36)} 37. Rd3 {(00:16)} Qb7 {(00:26)} 38.
Bb2 {(00:15)} Rf6 {(00:00)} 39. Kh2 {(01:02)} bxc5 {
(00:26)} 40. Rd8 {(00:00)} 1-0

[Event "42nd Olympiad Baku 2016 Open"]
[Site "Baku"]
[Date "2016.09.06"]
[Round "5.14"]
[White "Ahmed, Ashraf"]
[Black "Hlophe Smilo"]
[Result "1-0"]
[ECO "B01"]
[WhiteElo "1880"]
[BlackElo "1592"]
[Annotator ""]
[PlyCount "171"]
[EventDate "2016.??.??"]
[EventType "team-tourn"]
[EventCountry "AZE"]
[SourceTitle "playchess.com"]
[Source "ChessBase"]
[WhiteTeam "Maldives"]
[BlackTeam "SWZ"]
[WhiteTeamCountry "MDV"]
[TimeControl "40/5400+30:1800+30"]

1. e4 {(00:00)} d5 {(00:00)} 2. exd5 {(00:00)} Qxd5 {
(00:00)} 3. Nc3 {(00:00)} Qa5 {(00:03)} 4. Nf3 {(
00:30)} Nf6 {(00:07)} 5. Bc4 {(01:23)} Bg4 {(01:36)} 6.
O-O {(00:34)} e6 {(00:07)} 7. h3 {(04:58)} Bh5 {(
00:35)} 8. d4 {(00:23)} c6 {(00:10)} 9. Be2 {(00:51)} Be7
{(00:15)} 10. Bd2 {(01:26)} Qc7 {(00:07)} 11. Ne5 {
(05:02)} Bxe2 {(00:11)} 12. Nxe2 {(00:10)} O-O {(
00:12)} 13. Bf4 {(04:55)} Bd6 {(01:44)} 14. Bh2 {(01:12)}
Nbd7 {(01:20)} 15. f4 {(01:44)} Rad8 {(02:21)} 16. Nc4 {
(05:07)} Ne4 {(05:23)} 17. Nxd6 {(04:02)} Nxd6 {(
00:27)} 18. Qc1 {(06:32)} f5 {(00:15)} 19. Qe3 {(02:40)}
Ne4 {(01:10)} 20. Bg3 {(00:51)} Ndf6 {(00:26)} 21. c4 {
(00:59)} Qa5 {(04:36)} 22. Be1 {(00:37)} Qb6 {(12:
06)} 23. b3 {(06:10)} Rf7 {(01:59)} 24. Bh4 {(01:09)} c5 {
(11:31)} 25. Bxf6 {(04:18)} gxf6 {(00:35)} 26. Rad1 {
(18:37)} cxd4 {(00:48)} 27. Rxd4 {(03:14)} Rfd7 {(
00:33)} 28. c5 {(00:31)} Nxc5 {(03:30)} 29. Kh2 {(02:55)}
Rxd4 {(00:23)} 30. Nxd4 {(00:05)} Ne4 {(00:10)} 31. Nc2 {
(08:10)} Qxe3 {(00:10)} 32. Nxe3 {(00:38)} Rd2 {(
00:34)} 33. Rc1 {(02:02)} Rxa2 {(00:22)} 34. Rc8+ {(00:11]
} Kf7 {(00:20)} 35. Rc7+ {(00:14)} Kg6 {(00:10)} 36. Rxb7
{(00:24)} Ra3 {(04:36)} 37. Nc2 {(02:12)} Ra6 {(04:
06)} 38. b4 {(03:14)} h5 {(00:52)} 39. Nd4 {(01:02)} Rd6 {
(04:18)} 40. Nc2 {(00:00)} Rc6 {(00:00)} 41. Nd4 {(
07:24)} Rd6 {(04:21)} 42. Nc2 {(08:56)} h4 {(03:44)} 43.
Ne1 {(01:24)} Rb6 {(01:36)} 44. Rxa7 {(01:54)} Rxb4 {
(01:08)} 45. Nf3 {(00:05)} Kh5 {(05:29)} 46. Rh7+ {
(01:35)} Kg6 {(00:19)} 47. Re7 {(00:20)} Kh5 {(05:
42)} 48. Rxe6 {(00:50)} Rb7 {(09:42)} 49. Re8 {(01:01)}
Rh7 {(00:46)} 50. Rg8 {(00:35)} Rh6 {(01:56)} 51. Rg7 {
(02:47)} Nc5 {(03:54)} 52. Nd4 {(01:27)} Rg6 {(03:
03)} 53. Rh7+ {(00:40)} Rh6 {(00:13)} 54. Rc7 {(00:26)}
Nd3 {(02:10)} 55. Nxf5 {(00:20)} Rh8 {(00:40)} 56. Rc4 {
(03:04)} Kg6 {(01:36)} 57. Ne3 {(00:18)} Re8 {(01:
33)} 58. f5+ {(00:35)} Kh5 {(01:16)} 59. Nd5 {(01:15)} Kg5
{(04:29)} 60. Rg4+ {(01:47)} Kxf5 {(02:09)} 61. Rxh4 {
(00:06)} Kg5 {(04:00)} 62. Rd4 {(01:03)} Ne5 {(01:
16)} 63. Kg3 {(00:07)} Rg8 {(01:18)} 64. Kf2 {(00:45)} Kf5
{(02:34)} 65. Ne3+ {(01:03)} Ke6 {(00:49)} 66. g4 {
(00:15)} Rh8 {(00:49)} 67. Kg3 {(00:18)} Ng6 {(02:
07)} 68. Nf5 {(00:31)} Ra8 {(01:06)} 69. Re4+ {(00:29)}
Kd5 {(01:13)} 70. Re3 {(00:09)} Ra4 {(01:04)} 71. Ne7+ {
(02:01)} Nxe7 {(00:27)} 72. Rxe7 {(00:03)} Ra3+ {(
00:42)} 73. Kg2 {(00:01)} Ra2+ {(00:22)} 74. Kf3 {(00:02)}
Rh2 {(00:36)} 75. Kg3 {(00:15)} Ra2 {(00:08)} 76. Re3 {
(00:11)} Ra1 {(01:01)} 77. Kf4 {(00:53)} Rf1+ {(00:
32)} 78. Rf3 {(00:02)} Rxf3+ {(01:29)} 79. Kxf3 {(01:08)}
Ke6 {(00:53)} 80. Kf4 {(00:03)} Kf7 {(00:26)} 81. Kf5 {
(00:03)} Kg7 {(00:20)} 82. Ke6 {(01:02)} Kg6 {(00:
56)} 83. h4 {(00:08)} f5 {(02:37)} 84. gxf5+ {(00:11)} Kh5
{(00:04)} 85. f6 {(00:17)} Kxh4 {(00:01)} 86. f7 {(
00:16)} 1-0

[Event "42nd Olympiad Baku 2016 Open"]
[Site "Baku"]
[Date "2016.09.06"]
[Round "5.8"]
[White "Al Mashikhi, Salim Aliyan"]
[Black "Mak, Kei Keng"]
[Result "1-0"]
[ECO "A17"]
[WhiteElo "2060"]
[BlackElo "1977"]
[Annotator ""]
[PlyCount "85"]
[EventDate "2016.??.??"]
[EventType "team-tourn"]
[EventCountry "AZE"]
[SourceTitle "playchess.com"]
[Source "ChessBase"]
[WhiteTeam "OMA"]
[BlackTeam "Macau"]
[BlackTeamCountry "MAC"]
[TimeControl "40/5400+30:1800+30"]

1. c4 {(00:00)} Nf6 {(00:00)} 2. Nc3 {(00:00)} e6 {
(00:00)} 3. Nf3 {(00:11)} b6 {(00:35)} 4. d4 {(01:
05)} Bb7 {(01:18)} 5. e3 {(00:10)} Bb4 {(02:45)} 6. a3 {
(00:17)} Bxc3+ {(00:41)} 7. bxc3 {(00:14)} Ne4 {(
03:42)} 8. Bd3 {(00:52)} O-O {(01:15)} 9. Qc2 {(00:28)} f5
{(00:30)} 10. a4 {(03:09)} d6 {(01:51)} 11. O-O {(
04:07)} Qe8 {(01:27)} 12. Nd2 {(05:44)} Qg6 {(07:42)} 13.
Bxe4 {(05:29)} fxe4 {(00:19)} 14. f3 {(01:03)} Nd7 {
(11:08)} 15. Nxe4 {(05:35)} d5 {(00:51)} 16. cxd5 {
(00:26)} exd5 {(00:21)} 17. Qa2 {(00:33)} Rf7 {(07:
25)} 18. Ng3 {(00:17)} Raf8 {(00:21)} 19. Ba3 {(01:19)} c5
{(00:45)} 20. Qb1 {(01:23)} Qe6 {(04:13)} 21. Re1 {
(01:09)} Rc8 {(00:40)} 22. a5 {(02:00)} Qc6 {(10:
58)} 23. axb6 {(02:21)} axb6 {(00:25)} 24. e4 {(04:14)}
Nf8 {(03:39)} 25. e5 {(03:06)} Ne6 {(00:38)} 26. Nf5 {
(02:45)} Rb8 {(08:21)} 27. Nd6 {(04:14)} Rff8 {(02:
16)} 28. Qd3 {(01:15)} c4 {(01:34)} 29. Qb1 {(01:57)} Bc8
{(05:08)} 30. Nf5 {(01:04)} Rxf5 {(07:09)} 31. Qxf5 {
(00:23)} Rb7 {(02:13)} 32. Bd6 {(01:05)} Rf7 {(00:
47)} 33. Qb1 {(00:28)} g6 {(00:41)} 34. Qa2 {(00:20)} Qd7
{(03:44)} 35. Qa8 {(00:29)} Kg7 {(05:43)} 36. Qxd5 {
(00:38)} Nf4 {(05:19)} 37. Qxc4 {(01:12)} Qf5 {(00:
53)} 38. Ra2 {(04:00)} Be6 {(00:14)} 39. Qa4 {(02:11)}
Bxa2 {(01:04)} 40. Qxa2 {(00:00)} Qd3 {(00:00)} 41. e6 {
(05:09)} Qxc3 {(20:29)} 42. Be5+ {(01:46)} Kh6 {(
03:54)} 43. Qf2 {(00:43)} 1-0

[Event "42nd Olympiad Baku 2016 Open"]
[Site "Baku"]
[Date "2016.09.06"]
[Round "5.30"]
[White "Al Moshaiti, Khalil"]
[Black "Aguilar, Luis Miguel"]
[Result "1-0"]
[ECO "A01"]
[WhiteElo "2053"]
[BlackElo "2301"]
[Annotator ""]
[PlyCount "103"]
[EventDate "2016.??.??"]
[EventType "team-tourn"]
[EventCountry "AZE"]
[SourceTitle "playchess.com"]
[Source "ChessBase"]
[WhiteTeam "Libya"]
[BlackTeam "Bolivia"]
[WhiteTeamCountry "LBY"]
[BlackTeamCountry "BOL"]
[TimeControl "40/5400+30:1800+30"]

1. b3 {(00:00)} e5 {(00:00)} 2. Bb2 {(00:00)} Nc6 {
(00:03)} 3. e3 {(00:00)} d6 {(01:23)} 4. Bb5 {(02:
39)} Bd7 {(01:09)} 5. Ne2 {(02:39)} a6 {(00:56)} 6. Bxc6 {
(03:47)} Bxc6 {(00:07)} 7. O-O {(12:01)} Qg5 {(05:
52)} 8. f3 {(12:59)} h5 {(08:10)} 9. Qe1 {(06:49)} h4 {
(00:56)} 10. h3 {(02:05)} Nf6 {(09:07)} 11. Nbc3 {(
06:41)} Nh5 {(02:31)} 12. Qf2 {(03:11)} Qe7 {(24:35)} 13.
d4 {(01:30)} Rh6 {(02:27)} 14. Rad1 {(03:08)} O-O-O {
(19:32)} 15. e4 {(12:43)} Rg6 {(01:12)} 16. f4 {(
10:16)} exd4 {(15:03)} 17. Nxd4 {(06:55)} Bxe4 {(00:56)}
18. Nxe4 {(00:06)} Qxe4 {(00:19)} 19. Rde1 {(00:35)} Qd5 {
(01:33)} 20. c4 {(00:50)} Qc5 {(03:08)} 21. Qxh4 {(
01:34)} Rh6 {(00:57)} 22. Qg4+ {(04:25)} Kb8 {(00:31)} 23.
Qg5 {(00:03)} Nf6 {(00:25)} 24. Qxc5 {(00:55)} dxc5 {
(00:02)} 25. Nf3 {(01:31)} b5 {(01:04)} 26. Ne5 {(
00:31)} Rd2 {(00:10)} 27. Rf2 {(00:55)} Rxf2 {(00:23)} 28.
Kxf2 {(00:01)} Rh4 {(00:43)} 29. Kg3 {(01:08)} Rh5 {
(00:44)} 30. Nxf7 {(00:20)} Kb7 {(00:31)} 31. Nd8+ {
(01:18)} Kc8 {(00:13)} 32. Ne6 {(00:46)} Bd6 {(00:
35)} 33. Be5 {(02:12)} Rh6 {(00:37)} 34. Kf3 {(00:47)} Ne8
{(00:34)} 35. Ng5 {(00:57)} Kd7 {(00:28)} 36. Nf7 {
(00:42)} Re6 {(00:05)} 37. Kf2 {(00:55)} Be7 {(00:
49)} 38. Kf3 {(00:27)} Nd6 {(00:37)} 39. Nxd6 {(00:33)}
cxd6 {(00:26)} 40. Bc3 {(00:00)} Rg6 {(00:00)} 41. f5 {
(00:42)} Rh6 {(10:47)} 42. Bxg7 {(00:20)} Rh5 {(00:
32)} 43. g4 {(03:29)} Rxh3+ {(04:23)} 44. Kg2 {(00:25)}
Bh4 {(01:14)} 45. Kxh3 {(01:24)} Bxe1 {(00:07)} 46. g5 {
(00:15)} b4 {(01:01)} 47. g6 {(01:06)} Bc3 {(00:14]
} 48. Bf8 {(01:03)} Ke8 {(01:44)} 49. Bxd6 {(00:12)} Bd4 {
(00:23)} 50. Kg4 {(00:57)} Kd7 {(01:39)} 51. Bxc5 {
(00:48)} Bxc5 {(02:35)} 52. g7 1-0